 Dungeon Sprint DCSS version 0.16-a0-3761-g2321f2b (console) character file.

14874 Monkaria the Brawler (level 11, -6/123 (131) HPs)
             Began as a Troll Monk on Jan 24, 2015.
             Mangled by an unseen horror (9 damage)
             ... in the Dungeon (Sprint I: "Red Sonja").
             The game lasted 00:16:57 (2710 turns).

Monkaria the Brawler (Troll Monk)                   Turns: 2710, Time: 00:16:57

HP:   -6/123 (131)  AC:  5    Str: 26      XL:     11   Next: 94%
MP:   8/9           EV: 14    Int:  6      God:
Gold: 907           SH:  0    Dex: 11 (12) Spells: 0 memorised, 10 levels left

rFire  . . .     SeeInvis .       - Unarmed
rCold  . . .     Clarity  +     t - troll hide
rNeg   . . .     SustAb   .     (shield restricted)
rPois  +         Gourm    +     (helmet restricted)
rElec  .         Spirit   .     (no cloak)
rCorr  .         Warding  .     (gloves unavailable)
rMut   .         NoTele   +     (boots unavailable)
MR     .....                    n - amulet of clarity
Stlth  +.........               o - ring of poison resistance
                                c - +2 ring of strength

@: not resistant to hostile enchantments, very unstealthy
A: unfitting armour, claws 3, berserk 1, deterioration 2, fast metabolism 3,
gourmand, low mp 1, regeneration 2, screaming 2, shaggy fur 1, tough skin 2,
MP-powered wands 1
a: no special abilities


You were in the Dungeon.
You were not hungry.

You visited 1 branch You collected 2719 gold pieces.
You spent 1812 gold pieces at shops.

Inventory:

Hand weapons
 a - a +0 blowgun
 h - a +3 long sword of electrocution
 l - a +1 long sword of protection
Missiles
 i - 9 curare-tipped needles
Armour
 t - a troll hide (worn)
Jewellery
 c - a +2 ring of strength (left claw)
 g - an uncursed ring of positive energy
 n - an amulet of clarity (around neck)
 o - a ring of poison resistance (right claw)
Scrolls
 p - a scroll of amnesia
 r - a scroll of identify
 s - a scroll of remove curse
Potions
 d - 3 potions of heal wounds
 e - 2 potions of haste
 f - 2 potions of magic
 k - 4 potions of curing
 m - a potion of berserk rage
Miscellaneous
 j - a box of beasts {used: 2}
Comestibles
 b - 3 meat rations
 q - 2 slices of pizza


   Skills:
 - Level 14.7 Fighting
 - Level 10.7 Armour
 - Level 11.9 Dodging
 - Level 1.1 Stealth
 - Level 15.8 Unarmed Combat
 + Level 4.1 Evocations


You had 10 spell levels left.
You didn't know any spells.

Dungeon Overview and Level Annotations

Branches:
Dungeon (1/1)

Altars:
Cheibriados
Dithmenos
Elyvilon
Fedhas
Gozag
Kikubaaqudgha
Makhleb
Nemelex Xobeh
Okawaru
Qazlal
Ru
Sif Muna
Trog
Vehumet
Xom
Yredelemnul
Zin
The Shining One
Jiyva

Shops:
D ([[(}(:!%%[%=:}(([[[(

Annotations:
D Norris


Innate Abilities, Weirdness & Mutations

You are too large for most types of armour.
You have claws for hands.
Your metabolism is lightning-fast.
You like to eat raw meat.
You heal very quickly.
You are covered in fur (AC +1).
You have very tough skin (AC +2).
You tend to lose your temper in combat.
Your body is deteriorating.
Your magical capacity is low (-10% MP).
You sometimes yell uncontrollably at your foes.
You expend magic power (3 MP) to slightly strengthen your wands.


Message History

You barely miss the unseen horror.
The unseen horror is severely wounded.
The unseen horror hits you!
* * * LOW HITPOINT WARNING * * *
The unseen horror closely misses you. x2
The daeva calls down the wrath of the Shining One upon you.
Something smites you!
* * * LOW HITPOINT WARNING * * *
The unseen horror hits you.
* * * LOW HITPOINT WARNING * * *
The unseen horror barely misses you.
There is an open door, spattered with blood here.
You claw the unseen horror!
The unseen horror is almost dead.
The unseen horror hits you!
* * * LOW HITPOINT WARNING * * *
Something hits you!
* * * LOW HITPOINT WARNING * * *
You scratch something. Your claw misses something. Something hits you!
You die...

#######################
')..#[.#§.§.'§§§§§§'..#
#)..##'#§####§§§§§##..+
#...'§§#§#[###§§@######
#####.§§.#'#.###{# %$##
#..##+####^..#{#.##$$$#
'§§#§§^..#...###.§###$#
#..#§^..§+.....##.#A#$#
##'###.§^#.....#..###$#
##.'.#.§§###++##.##..$#
[###.#.§###..###.. +###
(∩##.#..####..###..


There were no monsters in sight!

Vanquished Creatures
  A lorocyproca (D)
  2 centaur warriors (D)
  4 unseen horrors (D)
  A deep troll (D)
  A lindwurm (D)
  8 shining eyes (D)
  An oklob plant (D)
  2 kobold demonologists (D)
  4 demonic crawlers (D)
  Sonja (D)
  A slime creature (D)
  4 trapdoor spiders (D)
  13 hogs (D)
  A yak (D)
  7 necrophages (D)
  A wasp (D)
  An ogre (D)
  Sigmund (D)
  8 jellies (D)
  Ijyb (D)
  7 giant eyeballs (D)
  A giant spore (D)
71 creatures vanquished.

Vanquished Creatures (collateral kills)
  A hydra (D)
1 creature vanquished.

Vanquished Creatures (others)
  A hydra (D)
  A giant spore (D)
2 creatures vanquished.

Grand Total: 74 creatures vanquished

Notes
Turn   | Place    | Note
--------------------------------------------------------------
     0 | D        | Monkaria, the Troll Monk, began the quest for the Orb.
     0 | D        | Reached XP level 1. HP: 22/22 MP: 1/1
     1 | D        | Noticed Ijyb
    12 | D        | Killed Ijyb
    12 | D        | Reached XP level 2. HP: 27/33 MP: 1/1
    19 | D        | Noticed an ogre
    23 | D        | Killed an ogre
    23 | D        | Reached skill level 8 in Unarmed Combat
    23 | D        | Reached XP level 3. HP: 39/41 MP: 2/2
    23 | D        | Reached XP level 4. HP: 46/49 MP: 2/2
    43 | D        | Noticed Sigmund
    48 | D        | Killed Sigmund
    48 | D        | Reached skill level 10 in Unarmed Combat
    48 | D        | Reached XP level 5. HP: 47/55 MP: 2/2
    61 | D        | Found a deep blue altar of Sif Muna.
    62 | D        | Noticed a jelly
    63 | D        | Found a radiant altar of Vehumet.
    69 | D        | Killed a jelly
    86 | D        | Found Tino's Weapon Emporium.
    86 | D        | Found a white marble altar of Elyvilon.
    86 | D        | Found a stormy altar of Qazlal.
    86 | D        | Found a basalt altar of Yredelemnul.
    86 | D        | Found an iron altar of Okawaru.
    86 | D        | Found a sparkling altar of Nemelex Xobeh.
    86 | D        | Found a shimmering altar of Xom.
    86 | D        | Found an ancient bone altar of Kikubaaqudgha.
    86 | D        | Noticed a yak
    91 | D        | Killed a yak
    91 | D        | Reached XP level 6. HP: 36/65 MP: 3/3
    92 | D        | Found a burning altar of Makhleb.
    92 | D        | Found a sacrificial altar of Ru.
    92 | D        | Found a glowing golden altar of the Shining One.
    92 | D        | Found an opulent altar of Gozag.
    92 | D        | Found a glowing silver altar of Zin.
    93 | D        | Found a bloodstained altar of Trog.
   139 | D        | Found a snail-covered altar of Cheibriados.
   139 | D        | Found a viscous altar of Jiyva.
   139 | D        | Found a shadowy altar of Dithmenos.
   139 | D        | Found a blossoming altar of Fedhas.
   139 | D        | Noticed a slime creature
   144 | D        | Killed a slime creature
   144 | D        | Reached XP level 7. HP: 31/71 MP: 3/3
   222 | D        | Noticed a kobold demonologist
   223 | D        | Noticed a kobold demonologist
   226 | D        | Noticed an ice devil
   228 | D        | Killed a kobold demonologist
   235 | D        | Killed a kobold demonologist
   235 | D        | Reached XP level 8. HP: 33/92 MP: 3/3
   327 | D        | Noticed a demonic crawler
   327 | D        | Noticed a demonic crawler
   327 | D        | Noticed a demonic crawler
   327 | D        | Noticed a demonic crawler
   371 | D        | Noticed a centaur warrior
   372 | D        | Noticed a centaur warrior
   379 | D        | Killed a centaur warrior
   379 | D        | Reached skill level 11 in Fighting
   385 | D        | Killed a centaur warrior
   385 | D        | Reached skill level 13 in Fighting
   385 | D        | Reached XP level 9. HP: 22/110 MP: 4/4
   387 | D        | Noticed a wasp
   389 | D        | Killed a wasp
   535 | D        | Noticed an oklob plant
   541 | D        | Killed an oklob plant
   582 | D        | Noticed a trapdoor spider
   584 | D        | Killed a trapdoor spider
   587 | D        | Noticed a trapdoor spider
   592 | D        | Killed a trapdoor spider
   599 | D        | HP: 3/110 [poisoned by a trapdoor spider]
   747 | D        | Noticed a trapdoor spider
   751 | D        | Killed a trapdoor spider
   756 | D        | Noticed a trapdoor spider
   759 | D        | Killed a trapdoor spider
   798 | D        | Killed an unseen horror
   798 | D        | Reached XP level 10. HP: 96/119 MP: 4/4
   804 | D        | Killed an unseen horror
   804 | D        | Reached skill level 14 in Unarmed Combat
   907 | D        | Noticed a jelly
   907 | D        | Noticed a jelly
   907 | D        | Noticed a jelly
   907 | D        | Noticed a jelly
   908 | D        | Noticed a jelly
   908 | D        | Noticed a jelly
   908 | D        | Noticed a jelly
   910 | D        | Killed a jelly
   911 | D        | Noticed a necrophage
   916 | D        | Killed a jelly
   917 | D        | Killed a jelly
   921 | D        | Killed a jelly
   921 | D        | Reached skill level 15 in Unarmed Combat
   922 | D        | Killed a jelly
   924 | D        | Killed a jelly
   928 | D        | Noticed a necrophage
   928 | D        | Noticed a necrophage
   929 | D        | Killed a jelly
   930 | D        | Noticed a necrophage
   930 | D        | Noticed a necrophage
   931 | D        | Killed a necrophage
   932 | D        | Noticed a necrophage
   934 | D        | Killed a necrophage
   935 | D        | Noticed a necrophage
   948 | D        | Killed a necrophage
   949 | D        | Killed a necrophage
   952 | D        | Killed a necrophage
   955 | D        | Killed a necrophage
   956 | D        | Killed a necrophage
  1047 | D        | Found Koteal's Distillery.
  1047 | D        | Found Kumabior's Book Shop.
  1047 | D        | Found Pseigare's Food Boutique.
  1049 | D        | Found Xougu's Food Emporium.
  1049 | D        | Found Asad's Armour Shop.
  1049 | D        | Found Oteij's Food Shoppe.
  1049 | D        | Found Xottul's Jewellery Boutique.
  1049 | D        | Found Shrejobb's Book Emporium.
  1049 | D        | Found Ciamn's Gadget Shop.
  1049 | D        | Found Egide's Antique Weapon Shoppe.
  1049 | D        | Found Idaifonk's Weapon Boutique.
  1050 | D        | Bought a potion of heal wounds for 70 gold pieces
  1050 | D        | Bought a potion of curing for 42 gold pieces
  1050 | D        | Bought a potion of curing for 42 gold pieces
  1050 | D        | Bought a potion of lignification for 42 gold pieces
  1050 | D        | Bought a potion of heal wounds for 70 gold pieces
  1050 | D        | Bought a potion of berserk rage for 70 gold pieces
  1050 | D        | Bought a potion of haste for 140 gold pieces
  1052 | D        | Found Thraubra's Antique Armour Emporium.
  1052 | D        | Found Itus' Armour Boutique.
  1053 | D        | Found Puiffuixt's Antique Weapon Emporium.
  1075 | D        | Bought an uncursed amulet of clarity for 280 gold pieces
  1075 | D        | Bought an uncursed ring of poison resistance for 280 gold pieces
  1126 | D        | Noticed a deep troll
  1131 | D        | Killed a deep troll
  1266 | D        | Found Ireackei's Armour Emporium.
  1290 | D        | Noticed Sonja
  1297 | D        | Killed Sonja
  1407 | D        | Found Idihal's Antique Weapon Boutique.
  1487 | D        | Noticed a shining eye
  1487 | D        | Noticed a shining eye
  1498 | D        | Identified a scroll of acquirement
  1587 | D        | Killed a shining eye
  1588 | D        | Paralysed by a giant eyeball for 2 turns
  1619 | D        | Paralysed by a giant eyeball for 2 turns
  1623 | D        | Killed a shining eye
  1628 | D        | Noticed a shining eye
  1628 | D        | Noticed a shining eye
  1628 | D        | Noticed a shining eye
  1640 | D        | Paralysed by a giant eyeball for 3 turns
  1643 | D        | Gained mutation: Your body is slowly deteriorating. [a shining eye]
  1644 | D        | Killed a shining eye
  1645 | D        | Noticed a shining eye
  1645 | D        | Gained mutation: You occasionally shout uncontrollably at your foes. [a shining eye]
  1660 | D        | Gained mutation: Your body is deteriorating. [a shining eye]
  1662 | D        | Killed a shining eye
  1664 | D        | Paralysed by a giant eyeball for 3 turns
  1666 | D        | Gained mutation: You expend magic power (3 MP) to slightly strengthen your wands. [a shining eye]
  1669 | D        | Gained mutation: You tend to lose your temper in combat. [a shining eye]
  1671 | D        | Killed a shining eye
  1671 | D        | Reached XP level 11. HP: 119/119 MP: 4/4
  1678 | D        | Noticed a shining eye
  1679 | D        | Paralysed by a giant eyeball for 2 turns
  1685 | D        | Gained mutation: Your magical capacity is low (-10% MP). [a shining eye]
  1686 | D        | Killed a shining eye
  1687 | D        | Noticed a shining eye
  1688 | D        | Gained mutation: You sometimes yell uncontrollably at your foes. [a shining eye]
  1693 | D        | Killed a shining eye
  1693 | D        | Reached skill level 10 in Armour
  1699 | D        | Killed a shining eye
  1711 | D        | Found Fekiwian's Gadget Shop.
  1711 | D        | Found Miakusch's Armour Shoppe.
  1711 | D        | Found Ching's Weapon Boutique.
  1711 | D        | Found Micik's Antique Armour Emporium.
  1763 | D        | Killed a demonic crawler
  1766 | D        | Killed a demonic crawler
  1766 | D        | Reached skill level 10 in Dodging
  1768 | D        | Killed a demonic crawler
  1774 | D        | Killed a demonic crawler
  1817 | D        | Noticed a lindwurm
  1824 | D        | Killed a lindwurm
  1935 | D        | Noticed a gargoyle
  1967 | D        | Noticed Norris
  1975 | D        | Killed a lorocyproca
  2145 | D        | Noticed a hog
  2145 | D        | Noticed a hog
  2145 | D        | Noticed a hog
  2145 | D        | Noticed a hog
  2145 | D        | Noticed a hog
  2146 | D        | Noticed a hog
  2146 | D        | Noticed a hog
  2146 | D        | Killed a hog
  2149 | D        | Killed a hog
  2150 | D        | Killed a hog
  2151 | D        | Noticed a hog
  2151 | D        | Noticed a hog
  2151 | D        | Noticed a hog
  2153 | D        | Killed a hog
  2154 | D        | Noticed a hog
  2154 | D        | Noticed a hog
  2155 | D        | Noticed a hog
  2157 | D        | Killed a hog
  2159 | D        | Killed a hog
  2161 | D        | Killed a hog
  2165 | D        | Killed a hog
  2167 | D        | Killed a hog
  2169 | D        | Killed a hog
  2172 | D        | Killed a hog
  2173 | D        | Killed a hog
  2178 | D        | Killed a hog
  2315 | D        | Noticed a daeva
  2319 | D        | Noticed an unseen horror
  2320 | D        | Noticed an unseen horror
  2321 | D        | Noticed an unseen horror
  2330 | D        | Killed an unseen horror
  2415 | D        | Noticed a 12-headed hydra
  2538 | D        | Bought a phantom mirror for 390 gold pieces
  2538 | D        | Bought a box of beasts for 260 gold pieces
  2576 | D        | a 12-headed hydra (ally) was killed
  2577 | D        | Killed a 12-headed hydra
  2610 | D        | Bought a runed long sword for 63 gold pieces
  2610 | D        | Bought a glowing long sword for 63 gold pieces
  2694 | D        | Killed an unseen horror
  2709 | D        | HP: 3/123 [something (8)]
  2710 | D        | Mangled by an unseen horror

Action                   |  1- 3 |  4- 6 |  7- 9 | 10-12 || total
-------------------------+-------+-------+-------+-------++-------
Melee: Unarmed           |    12 |    15 |    45 |   154 ||   226
Evoke: Box of beasts     |       |       |       |     6 ||     6
       Phantom mirror    |       |       |       |     1 ||     1
  Use: Potion            |       |       |     2 |     2 ||     4
       Scroll            |       |       |     1 |     6 ||     7
 Stab: Sleeping          |       |       |     1 |       ||     1
  Eat: Chunk             |     1 |     6 |       |    14 ||    21
       Meat ration       |       |       |       |     1 ||     1
